Map: Automaton LE

Players

master

  • Race: Terran Terran
  • League: Silver
  • Spawn Location: 3:00

Throwfordays - Winner!

  • Race: Protoss Protoss
  • League: Bronze
  • Spawn Location: 9:00

VOD

Have the link to the VOD?

Description

Time

  • Played on: Jan. 23, 2019, 10:37 p.m.
  • Length: 8:07
Show
View Real Time Build Order
Export as new Build Order

master Terran 

Build Orders:  

Get SALT Encoding   

  12  0:10  SCV  
  13  0:21  Supply Depot  
  13  0:22  SCV  
  14  0:34  SCV  
  15  0:44  Supply Depot  
  15  0:53  SCV, Barracks  
  16  1:05  SCV  
  16  1:10  Refinery  
  17  1:16  Refinery  
  17  1:17  SCV  
  18  1:29  SCV, Supply Depot  
  19  1:41  SCV  
  20  1:51  Marine  
  20  1:53  SCV  
  22  2:05  SCV  
  23  2:09  Marine  
  23  2:12  Engineering Bay  
  24  2:27  Marine, Barracks  
  25  2:40  Supply Depot  
  24  2:45  Marine  
  24  2:50  Terran Infantry Weapons Level 1  
  25  3:00  SCV  
  25  3:02  Marine  
  25  3:03  Supply Depot  
  27  3:12  SCV  
  28  3:16  Marine  
  29  3:20  Marine  
  29  3:24  SCV  
  31  3:33  Marine  
  32  3:36  SCV  
  32  3:38  Marine  
  34  3:48  SCV  
  35  3:51  Marine  
  35  3:53  Command Center  
  36  3:56  Marine  
  37  4:09  Marine, Supply Depot  
  38  4:14  Orbital Command  
  38  4:27  Marine, Factory  
  38  4:29  Marine  
  40  4:40  SCV  
  40  4:45  Marine  
  42  4:47  Marine  
  43  4:52  SCV  
  44  5:02  Marine  
  44  5:05  SCV  
  46  5:11  Refinery  
  46  5:16  Refinery  
  46  5:17  SCV  
  46  5:18  Factory Tech Lab  
  47  5:25  Starport  
  47  5:27  Marine x2  
  49  5:29  SCV  
  50  5:41  SCV  
  51  5:45  Marine x2  
  53  6:01  Command Center  
  53  6:03  Marine x2  
  55  6:08  SCV  
  42  6:19  Cyclone  
  42  6:20  Marine, SCV  
  42  6:21  Marine  
  43  6:28  Starport Tech Lab  
  38  6:32  SCV  
  38  6:38  Marine x2  
  39  6:44  SCV  
  33  6:57  SCV  
  28  7:18  SCV  
  28  7:25  Barracks  
  19  7:30  SCV  
  13  7:42  SCV  
  13  7:45  Refinery  
  12  7:54  SCV  
Show
View Real Time Build Order
Export as new Build Order

Throwfordays Protoss - Winner!

Build Orders:  

Get SALT Encoding   

  12  0:00  Probe  
  13  0:12  Probe  
  14  0:19  Pylon  
  14  0:25  Probe  
  15  0:37  Probe  
  15  0:42  Gateway  
  16  0:46  Assimilator  
  16  0:59  Probe  
  17  1:11  Probe  
  18  1:23  Probe  
  19  1:28  Cybernetics Core  
  19  1:35  Probe  
  20  1:47  Zealot, Probe  
  23  1:55  Warp Gate  
  23  2:17  Nexus  
  23  2:24  Assimilator  
  23  2:27  Pylon  
  23  2:42  Pylon  
  23  2:45  Probe  
  24  2:58  Probe  
  25  3:04  Gateway  
  25  3:07  Adept  
  25  3:10  Probe  
  28  3:13  Gateway  
  28  3:16  Gateway  
  28  3:22  Probe  
  29  3:29  Pylon  
  29  3:31  Pylon  
  29  3:34  Probe  
  30  3:43  Twilight Council  
  30  3:47  Probe  
  31  3:48  Forge  
  31  3:52  Probe  
  32  3:59  Probe  
  33  4:04  Probe  
  34  4:11  Probe  
  34  4:12  Probe  
  34  4:14  Protoss Ground Weapons Level 1  
  36  4:20  Probe  
  36  4:23  Probe  
  37  4:24  Resonating Glaives  
  37  4:26  Adept  
  37  4:31  Adept, Probe  
  42  4:35  Adept, Probe  
  46  4:40  Adept  
  46  4:43  Probe  
  49  4:47  Probe  
  50  4:53  Adept  
  50  4:55  Probe  
  50  4:56  Adept  
  50  4:59  Probe  
  56  5:00  Adept  
  58  5:07  Gateway  
  58  5:12  Gateway  
  58  5:27  Pylon, Stalker x2  
  58  5:28  Stalker  
  64  5:33  Stalker  
  66  5:52  Stalker x3  
  66  5:56  Stalker  
  67  6:12  Stalker  
  67  6:13  Stalker  
  71  6:31  Stalker  
  71  6:32  Stalker x2  
  77  6:39  Pylon  
  77  6:41  Pylon  
  77  7:27  Stalker x5  
  77  7:28  Stalker  
Tags
 
Matchup
PvT
Replay Pack
Multiplayer
Spawn Locations
Cross Positions
Add a new tag
Caveats
  • Supply blocks, unpowered buildings, or Contaminate may cause inaccurate times.
  • Supply counts are checked every 10 seconds.